 Dungeon Crawl Stone Soup version 0.24.0-2-g5b39cebb1c (webtiles) character file.

Game seed: 6988492136232098356, levelgen mode: deterministic

7464 Curus the Carver (level 10, -10/86 HPs)
             Began as a Minotaur Gladiator on Oct 29, 2019.
             Was a Priest of Makhleb.
             Mangled by a komodo dragon (22 damage)
             ... on level 2 of the Lair of Beasts.
             The game lasted 00:34:08 (8139 turns).

Curus the Carver (Minotaur Gladiator)               Turns: 8139, Time: 00:34:08

Health: -10/86     AC: 16    Str: 20    XL:     10   Next: 94%
Magic:  0/14       EV: 11    Int:  7    God:    Makhleb [***...]
Gold:   478        SH:  4    Dex: 14    Spells: 9/9 levels left

rFire    . . .     SeeInvis .   a - +1 long sword
rCold    + . .     Gourm    .   (no shield)
rNeg     . . .     Faith    .   q - +0 chain mail
rPois    +         Spirit   +   c - +1 hat
rElec    .         Reflect  .   h - scarf {repulsion}
rCorr    .         Harm     .   n - +0 pair of gloves
MR       .....                  u - +2 pair of boots
Stlth    ..........             A - amulet of guardian spirit
HPRegen  0.24/turn              e - ring of poison resistance
MPRegen  0.14/turn              C - ring of protection from cold

@: repel missiles
A: retaliatory headbutt, horns 2, repulsion field 1, large bone plates 1, strong
1
a: Minor Destruction, Lesser Servant of Makhleb, Renounce Religion


You were on level 2 of the Lair of Beasts.
You worshipped Makhleb.
Makhleb was most pleased with you.
You were very hungry.

You visited 2 branches of the dungeon, and saw 10 of its levels.

You collected 478 gold pieces.

Inventory:

Hand Weapons
 a - a +1 long sword (weapon)
Missiles
 d - 3 throwing nets (quivered)
Armour
 b - a +0 leather armour
 c - a +1 hat (worn)
 h - a scarf of repulsion (worn)
 n - a +0 pair of gloves (worn)
 o - a +0 scale mail
 p - a +2 ring mail of fire resistance
 q - a +0 chain mail (worn)
 u - a +2 pair of boots (worn)
 y - a +1 cloak
Jewellery
 e - a ring of poison resistance (left hand)
 r - an uncursed ring of stealth
 s - the amulet of Qiad {Harm *Drain Stlth+}
   (You found it on level 5 of the Dungeon)

   [amulet of harm]

   It increases damage dealt and taken.
   It causes draining when unequipped.
   It makes you more stealthy.
 A - an amulet of guardian spirit (around neck)
 C - a ring of protection from cold (right hand)
Wands
 x - a wand of polymorph (13)
Scrolls
 i - 11 scrolls of identify
 j - 2 scrolls of magic mapping
 l - 6 scrolls of remove curse
 m - 2 scrolls of teleportation
 t - 2 scrolls of amnesia
 B - a scroll of fog
Potions
 g - 2 potions of brilliance
 k - a potion of flight
 w - a potion of curing
Comestibles
 f - 15 rations


   Skills:
 - Level 7.5 Fighting
 - Level 14.0 Long Blades
 - Level 2.0 Throwing
 - Level 7.0 Armour
 - Level 3.2 Dodging
 + Level 7.9 Invocations
 - Level 2.5 Evocations


You had 9 spell levels left.
You didn't know any spells.
Your spell library contained the following spells:

 Spells                   Type           Power        Failure   Level  Hunger
 Corona                   Hex            #......      98%         1    ##.....
 Ensorcelled Hibernation  Hex/Ice        #.....       99%         2    ###....
 Confuse                  Hex            #.......     100%        3    ####...
 Dazzling Spray           Conj/Hex       #.....       100%        3    ####...
 Tukima's Dance           Hex            #.......     100%        3    ####...


Dungeon Overview and Level Annotations

Branches:
Dungeon (8/15)             Temple (0/1) D:7            Lair (2/6) D:8
  Swamp: Lair:2-4    Shoals: Lair:2-4     Snake: Lair:2-4    Spider: Lair:2-4

Altars:
Hepliaklqana
Makhleb
Beogh

Annotations:
D:3 3 runed translucent doors, NeAGen181's ghost, amateur DDNe
Lair:1 1 runed translucent door


Innate Abilities, Weirdness & Mutations

You reflexively headbutt those who attack you in melee.
You have a pair of horns on your head.
You are surrounded by a mild repulsion field. (EV +2)
You are partially covered in large bone plates. (SH +4)
Your muscles are strong. (Str +2)


Message History

You headbutt the crocodile! You completely miss the komodo dragon.
You headbutt the komodo dragon.
The komodo dragon is heavily wounded.
The komodo dragon bites you! The crocodile bites you.
You hit the komodo dragon but do no damage.
The komodo dragon is heavily wounded.
You block the komodo dragon's attack.
You slash the komodo dragon!
The komodo dragon is severely wounded.
The crocodile bites you!
* * * LOW HITPOINT WARNING * * *
You barely miss the komodo dragon.
The komodo dragon is severely wounded.
The komodo dragon completely misses you.
The crocodile bites you!
* * * LOW HITPOINT WARNING * * *
You hit the komodo dragon but do no damage.
The komodo dragon is severely wounded.
The komodo dragon bites you!!
You die...

................
................
................
...........[.
#......P#
#.....#
####.....#
........t##
.........l@#
..........##
..###.....# .
###...(##
P#..P...###
........P.#
..........#
.###..###.# #.#
#..#


You could see a komodo dragon and a crocodile.

Vanquished Creatures
  A two-headed ogre (D:8)
  Psyche (D:8)
  A spiny frog (Lair:2)
  A komodo dragon (Lair:1)
  A polar bear (Lair:1)
  Prince Ribbit (D:6)
  4 blink frogs (Lair:2)
  A basilisk (Lair:1)
  A steam dragon (D:7)
  Menkaure (D:4)
  3 wargs (D:8)
  Edmund (D:4)
  4 water moccasins
  2 orc warriors
  A sky beast (D:5)
  A necrophage (D:7)
  A phantom (D:6)
  5 ogres
  6 wolves (Lair:1)
  3 crocodiles (Lair:1)
  3 bullfrogs
  An electric eel (D:7)
  A howler monkey (D:5)
  5 crimson imps
  5 orc priests
  2 bullfrog skeletons
  4 hounds
  8 orc wizards
  A centaur skeleton (D:7)
  Jessica (D:3)
  An iguana (D:5)
  5 worker ants
  A hound zombie (D:7)
  Robin (D:3)
  6 gnolls
  9 adders
  3 shadow imps (D:5)
  2 oozes
  3 adder skeletons
  A dart slug (D:1)
  A worm (D:2)
  3 leopard geckos
  25 orcs
  6 giant cockroaches
  13 goblins
  8 hobgoblins
  2 kobolds (D:2)
  4 quokkas
  A ball python zombie (D:5)
  11 bats
  11 frilled lizards
  7 rats
195 creatures vanquished.

Vanquished Creatures (collateral kills)
  Sonja (Lair:1)
  A rime drake (Lair:1)
2 creatures vanquished.

Vanquished Creatures (others)
  9 fungi (Lair:1)
  2 plants (Lair:1)
  10 toadstools (Lair:1)
21 creatures vanquished.

Grand Total: 218 creatures vanquished

Notes
Turn   | Place    | Note
-------+----------+-------------------------------------------
     0 | D:1      | Curus the Minotaur Gladiator began the quest for the Orb.
     0 | D:1      | Reached XP level 1. HP: 18/18 MP: 0/0
   103 | D:1      | Reached skill level 4 in Long Blades
   129 | D:1      | Reached XP level 2. HP: 25/25 MP: 1/1
   401 | D:1      | Reached skill level 5 in Long Blades
   542 | D:1      | Reached XP level 3. HP: 25/30 MP: 2/2
   759 | D:2      | Reached skill level 6 in Long Blades
   759 | D:2      | Reached XP level 4. HP: 29/37 MP: 3/3
  1144 | D:3      | Noticed Jessica
  1174 | D:3      | Killed Jessica
  1306 | D:3      | Found a runed translucent gate.
  1306 | D:3      | Found a runed translucent gate.
  1308 | D:3      | Found a runed translucent gate.
  1309 | D:3      | Noticed NeAGen181's ghost (amateur DDNe)
  1355 | D:3      | Noticed Robin
  1365 | D:3      | Killed Robin
  1365 | D:3      | Reached skill level 7 in Long Blades
  1365 | D:3      | Reached XP level 5. HP: 16/42 MP: 4/4
  1609 | D:3      | Gained mutation: You are surrounded by a mild repulsion
                  | field. (EV +2) [potion of mutation]
  1609 | D:3      | Gained mutation: Armour fits poorly on your strangely
                  | shaped body. [potion of mutation]
  1609 | D:3      | Gained mutation: Your flesh is heat resistant. (rF+)
                  | [potion of mutation]
  1644 | D:3      | Found a burning altar of Makhleb.
  1650 | D:3      | Became a worshipper of Makhleb the Destroyer
  1957 | D:3      | Found a roughly hewn altar of Beogh.
  2021 | D:4      | Noticed Menkaure
  2027 | D:4      | Killed Menkaure
  2027 | D:4      | Reached skill level 8 in Long Blades
  2027 | D:4      | Reached XP level 6. HP: 14/50 MP: 5/5
  2654 | D:4      | Noticed Edmund
  2676 | D:4      | Killed Edmund
  2676 | D:4      | Reached skill level 9 in Long Blades
  2977 | D:4      | Reached XP level 7. HP: 43/56 MP: 6/6
  2999 | D:4      | Reached skill level 10 in Long Blades
  3686 | D:4      | Lost mutation: Your flesh is heat resistant. (rF+) [potion
                  | of mutation]
  3686 | D:4      | Lost mutation: Armour fits poorly on your strangely shaped
                  | body. [potion of mutation]
  3686 | D:4      | Gained mutation: You are partially covered in large bone
                  | plates. (SH +4) [potion of mutation]
  3686 | D:4      | Gained mutation: Your muscles are strong. (Str +2) [potion
                  | of mutation]
  3688 | D:5      | Entered Level 5 of the Dungeon
  3891 | D:5      | Reached * piety under Makhleb
  3901 | D:5      | Reached skill level 11 in Long Blades
  3990 | D:5      | Reached XP level 8. HP: 57/62 MP: 7/7
  4127 | D:5      | Got a brightly glowing lead amulet
  4130 | D:5      | Identified the amulet of Qiad {Harm *Drain Stlth+} (You
                  | found it on level 5 of the Dungeon)
  4380 | D:5      | Reached skill level 12 in Long Blades
  5192 | D:6      | Reached skill level 13 in Long Blades
  5226 | D:6      | Reached ** piety under Makhleb
  5323 | D:6      | Noticed Prince Ribbit
  5332 | D:6      | Killed Prince Ribbit
  5332 | D:6      | Reached XP level 9. HP: 57/68 MP: 8/8
  5598 | D:7      | Reached skill level 14 in Long Blades
  5602 | D:7      | Reached skill level 1 in Armour
  6194 | D:7      | Found a hazy altar of Hepliaklqana.
  6367 | D:7      | Found a staircase to the Ecumenical Temple.
  6475 | D:8      | Noticed Psyche
  6485 | D:8      | Killed Psyche
  6485 | D:8      | Reached skill level 5 in Fighting
  6506 | D:8      | Noticed a two-headed ogre
  6507 | D:8      | Found a staircase to the Lair.
  6522 | D:8      | Reached skill level 5 in Armour
  6531 | D:8      | Killed a two-headed ogre
  6551 | D:8      | Reached XP level 10. HP: 44/86 MP: 4/9
  6573 | D:8      | Reached *** piety under Makhleb
  6775 | Lair:1   | Entered Level 1 of the Lair of Beasts
  6777 | Lair:1   | Noticed Sonja
  6793 | Lair:1   | Killed Sonja
  6793 | Lair:1   | Reached skill level 1 in Invocations
  6793 | Lair:1   | Reached skill level 1 in Evocations
  7363 | Lair:1   | Reached skill level 5 in Invocations
  7581 | Lair:1   | Noticed a catoblepas
  7581 | Lair:1   | Noticed a dire elephant
  7594 | Lair:1   | Noticed an elephant
  7602 | Lair:1   | Found a runed translucent door.
  7607 | Lair:1   | Noticed an elephant
  7894 | Lair:2   | Noticed a spiny frog
  7912 | Lair:2   | Killed a spiny frog
  8139 | Lair:2   | Mangled by a komodo dragon

Levels and vault maps discovered:
D:1:      dpeg_arrival_chambers_temple_mockup, layout_basic
D:2:      layout_rooms, first_ration
D:3:      layout_basic, biasface_ghost_orc_armoury, chequers_mini_garden,
          bloody_makhleb, uniq_robin, uniq_jessica
D:4:      layout_loops_ring, uniq_menkaure, uniq_edmund
D:5:      layout_gridville, minmay_pentangle
D:6:      layout_basic, grunt_decor_mini_mirrors, uniq_prince_ribbit1
D:7:      layout_loops_ring, kennysheep_mini, temple_pool_b, kennysheep_doodads,
          grunt_ogre_cave
D:8:      minmay_the_grid_triangle_9x9_recursive_2
          [minmay_the_grid_triangle_9x9_prize_top_heavy,
          minmay_the_grid_triangle_9x9_stretched_checkered,
          minmay_the_grid_triangle_9x9_negative_grid,
          minmay_the_grid_triangle_9x9_checkered], layout_gridville,
          erik_lair_orcish_takeover, chequers_serial_rivers_micro_d, uniq_psyche
Lair:1:   gammafunk_lair_enchanted_lake, layout_misc_corridors,
          chequers_serial_rivers_small_b, uniq_sonja
Lair:2:   layout_gridlike, nicolae_quartered_pool_super, st_stairs_3

Skill      XL: |  1  2  3  4  5  6  7  8  9 10 |
---------------+-------------------------------+-----
Long Blades    | 4 5 6 7 8 9 11 13 14 | 14.0
Fighting       | 7 |  7.5
Armour         | 6 7 |  7.0
Invocations    | 7 |  7.9
Evocations     | 2 |  2.5
Throwing       | |  2.0
Dodging        | |  3.2

Action                   |  1- 3 |  4- 6 |  7- 9 | 10-12 || total
-------------------------+-------+-------+-------+-------++-------
Melee: Long sword        |    77 |   100 |   309 |   177 ||   663
       Headbutt          |     8 |    24 |    67 |    46 ||   145
Throw: Throwing net      |       |     1 |       |       ||     1
Invok: Minor Destruction |       |       |       |     1 ||     1
       Lesser Servant of |       |       |       |     1 ||     1
Evoke: Wand              |       |       |     2 |     1 ||     3
  Use: Scroll            |     4 |     3 |     5 |     2 ||    14
       Potion            |     1 |     5 |     4 |       ||    10
 Stab: Distracted        |       |       |     1 |       ||     1
  Eat: Chunk             |       |     3 |    12 |     4 ||    19
       Ration            |       |     1 |       |       ||     1
Armor: Leather armour    |    20 |    13 |     2 |       ||    35
       Scale mail        |       |       |    12 |       ||    12
       Chain mail        |       |       |    53 |    94 ||   147
Dodge: Dodged            |    51 |    44 |   113 |    97 ||   305
       Deflected         |       |     1 |       |     1 ||     2
Block: Other             |       |       |    23 |    37 ||    60
       Rpst.: Long sword |    15 |    10 |    33 |    31 ||    89
